 Dungeon Crawl Stone Soup version 0.26-a0-1053-gaff5f71418 (webtiles) character file.

Game seed: 12902694854917651084

217 wythoutpain the Conjurer (level 5, 0/40 HPs)
             Began as a Draconian Conjurer on Dec 12, 2020.
             Succumbed to a kobold's poison
             ... on level 3 of the Dungeon.
             The game lasted 00:34:56 (3577 turns).

wythoutpain the Conjurer (Draconian Conjurer)       Turns: 3577, Time: 00:34:57

Health: 0/40       AC:  6    Str: 10    XL:     5   Next: 61%
Magic:  8/9        EV: 12    Int: 19    God:
Gold:   101        SH:  0    Dex:  9    Spells: 7/10 levels left

rFire    . . .     SeeInvis .   b - +0 spear
rCold    . . .     Faith    .   (no shield)
rNeg     . . .     Spirit   .   (armour unavailable)
rPois    .         Reflect  .   (helmet restricted)
rElec    .         Harm     .   (no cloak)
rCorr    .         Rampage  .   f - +0 pair of gloves
Will     .....                  (no boots)
Stlth    ++........             (no amulet)
HPRegen  0.13/turn              (no ring)
MPRegen  0.11/turn              (no ring)

@: lethally poisoned (0 -> -13)
A: unfitting armour, cold-blooded, AC +5
a: no special abilities


You were on level 3 of the Dungeon.
You visited 1 branch of the dungeon, and saw 3 of its levels.

You collected 101 gold pieces.

Inventory:

Hand Weapons
 a - a +2 dagger of venom
 b - a +0 spear (weapon)
 c - a +0 trident
Missiles
 d - 49 stones
Armour
 f - a +0 pair of gloves (worn)
Wands
 l - a wand of polymorph (5)
Scrolls
 g - a scroll of teleportation {unknown}
 h - a scroll of magic mapping {unknown}
 j - a scroll of identify {unknown}
 k - a scroll of enchant weapon {unknown}
Potions
 i - a potion of haste


   Skills:
 + Level 1.0 Fighting
 + Level 1.7 Polearms
 + Level 2.4 Dodging
 + Level 2.5 Stealth
 + Level 3.0 Spellcasting
 + Level 5.3 Conjurations


You had 7 spell levels left.
You knew the following spells:

 Your Spells              Type           Power        Failure   Level
a - Magic Dart            Conj           ###.         1%          1
b - Searing Ray           Conj           ###...       2%          2

Your spell library contained the following spells:

 Spells                   Type           Power        Failure   Level
 Dazzling Flash           Conj/Hex       ##....       16%         3
 Fulminant Prism          Conj/Hex       ##........   45%         4
 Iskenderun's Mystic Bla  Conj/Tloc      ##......     45%         4


Dungeon Overview and Level Annotations

Branches:
Dungeon (3/15)

Altars:
Gozag
Qazlal


Innate Abilities, Weirdness & Mutations

Your plain brown scales are hard. (AC +5)
You cannot fit into any form of body armour.
You are cold-blooded and may be slowed by cold attacks.


Message History

* * * LOW HITPOINT WARNING * * *
You feel sick.
Items here: ( )) ††.
* * * LOW HITPOINT WARNING * * *
You feel sick.
You see here a dagger.
* * * LOW HITPOINT WARNING * * *
You feel sick.
* * * LOW HITPOINT WARNING * * *
You feel sick.
* * * LOW HITPOINT WARNING * * *
You feel sick.
A kobold comes into view. It is quivering 6 poisoned darts.
* * * LOW HITPOINT WARNING * * *
You feel sick.
The kobold shouts!
The kobold throws a poisoned dart.
The poisoned dart hits you!
You are more poisoned.
You see here a poisoned dart.
You die...

#......#.##.#
#.#
#....##.#.##.###
#)#
..............>.
#)#
.....##.........
#.# #..........
#.. #.# ##.
###.## #.. #.#
#.. #.#
.####..##.##
.......@(..#
######..#...#
#..#.#.#
........#
###.###..# #.
..# #+ ..# K.#


There were no monsters in sight!

Vanquished Creatures
  2 orc wizards (D:3)
  Robin (D:3)
  5 adders
  A worm (D:2)
  2 dart slugs
  2 leopard geckos (D:1)
  3 orcs (D:3)
  4 giant cockroaches
  17 goblins
  9 hobgoblins
  8 jackals
  2 quokkas (D:3)
  A ball python (D:1)
  8 bats
  3 frilled lizards
  A jackal skeleton (D:3)
  11 kobolds
  12 rats
92 creatures vanquished.

Notes
Turn   | Place    | Note
-------+----------+-------------------------------------------
     0 | D:1      | wythoutpain the Draconian Conjurer began the quest for the
                  | Orb.
     0 | D:1      | Reached XP level 1. HP: 14/14 MP: 3/3
   438 | D:1      | Reached XP level 2. HP: 20/20 MP: 1/5
   536 | D:1      | Learned a level 2 spell: Searing Ray
   987 | D:1      | Reached XP level 3. HP: 26/26 MP: 1/6
  2038 | D:2      | Reached skill level 5 in Conjurations
  2038 | D:2      | Reached XP level 4. HP: 34/34 MP: 3/7
  2749 | D:2      | Found an opulent altar of Gozag.
  3142 | D:3      | Reached skill level 1 in Polearms
  3393 | D:3      | Reached XP level 5. HP: 39/39 MP: 6/9
  3413 | D:3      | Found a stormy altar of Qazlal.
  3525 | D:3      | Noticed Robin
  3546 | D:3      | Killed Robin
  3554 | D:3      | Reached skill level 1 in Fighting
  3574 | D:3      | HP: 2/40 [poisoned by a goblin]
  3577 | D:3      | Succumbed to a kobold's poison

Illustrated notes

Levels and vault maps discovered:
D:1:      dpeg_arrival_subterranean_lakeside_camping, layout_basic
D:2:      layout_loops_ring, marbit_many_paths, minmay_unequal
D:3:      layout_loops_ring, lemuel_doored_altar, lemuel_crystal_altar,
          uniq_robin

Skill      XL: |  1  2  3  4  5 |
---------------+----------------+-----
Stealth        | 2 |  2.5
Dodging        | 2 |  2.4
Conjurations   | 5 |  5.3
Polearms       | 1 |  1.7
Spellcasting   | 3 |  3.0
Fighting       | 1 |  1.0

Action                   |  1- 3 |  4- 6 || total
-------------------------+-------+-------++-------
Melee: Unarmed           |    16 |       ||    16
       Spear             |    68 |    85 ||   153
       Tailslap          |     4 |     6 ||    10
 Cast: Magic Dart        |    56 |    55 ||   111
       Searing Ray       |     3 |     3 ||     6
  Use: Potion            |       |     3 ||     3
 Stab: Sleeping          |     1 |     2 ||     3
Armor: Skin              |    12 |    35 ||    47
Dodge: Dodged            |    57 |    54 ||   111

Table legend: (Time is in decaauts)
 A = Elapsed time spent in this place.
 B = Non-inter-level travel time spent in this place.
 C = Inter-level travel time spent in this place.
 D = Time resting spent in this place.
 E = Time spent auto-exploring this place.
 F = Levels seen in this place.
 G = Mean time per level.
                   A        B        C        D        E       F      G
               +--------+--------+--------+--------+--------+-----+--------+
         Total |   3587 |   3488 |     99 |   1251 |   1568 |   3 | 1195.7 |
       Dungeon |   3587 |   3488 |     99 |   1251 |   1568 |   3 | 1195.7 |
               +--------+--------+--------+--------+--------+-----+--------+

Top non-repeatable levels by time:
     D:1: 1788 daAuts
     D:2: 1056 daAuts
     D:3: 742 daAuts
